 Dungeon Sprint DCSS version 0.26-a0-662-g8b9c6dab81 (webtiles) character file.

Game seed: 11704046380467918264

750663 sahdkjhfkaj the Heavyweight Champion (level 22, -4/275 HPs)
             Began as a Troll Monk on Oct 9, 2020.
             Was an Initiate of Gozag.
             Killed from afar by Lom Lobon (46 damage)
             ... with a great icy blast
             ... in the Dungeon (Sprint IX: "|||||||||||||||||||||||||||||").
             The game lasted 00:33:12 (12151 turns).

sahdkjhfkaj the Heavyweight Champion (Troll Monk)  Turns: 12151, Time: 00:33:13

Health: -4/275     AC: 45    Str: 35    XL:     22   Next: 53%
Magic:  0/29       EV: 15    Int: 12    God:    Gozag
Gold:   7060       SH: 38    Dex:  8    Spells: 28/28 levels left

rFire    + + +     SeeInvis .   w - +4 staff of Dispater
rCold    + + .     Faith    .   q - +5 tower shield "Buducaxe" {*Drain rF+++ rCorr Dex-4}
rNeg     + . .     Spirit   +   s - +6 gold dragon scales
rPois    +         Reflect  +   t - +2 hat of the Bear Spirit {Spirit, +Rage rN+ MR++}
rElec    .         Harm     .   z - +1 cloak
rCorr    +         Rampage  .   (gloves unavailable)
MR       +++..     NoTele   +   (boots unavailable)
Stlth    ..........             N - amulet "Sunluvig" {Reflect Str+3 Int+6 SH+5}
HPRegen  0.95/turn              y - ring of protection from cold
MPRegen  0.21/turn              E - +4 ring of protection

@: flying (expiring)
A: large, unfitting armour, claws 3, hooves 1, blink, high mp 1, regeneration 1,
shaggy fur 1, tough skin 3
}: 14/17 runes: decaying, serpentine, barnacled, slimy, elven, silver, golden,
iron, obsidian, icy, bone, abyssal, glowing, gossamer
a: Blink, Potion Petition, Call Merchant, Bribe Branch, Renounce Religion, Evoke
Berserk Rage


You were in the Dungeon.
You worshipped Gozag.
Gozag was greatly pleased with you.
You visited 1 branch You collected 50544 gold pieces.
You spent 5017 gold pieces at shops.
You paid 38467 gold pieces to Gozag.

Inventory:

Hand Weapons
 w - the +4 staff of Dispater (weapon)
   (You took it off Dispater in the Dungeon)
Armour
 q - the +5 tower shield "Buducaxe" (worn) {*Drain rF+++ rCorr Dex-4}
   (You bought it in a shop in the Dungeon)

   It affects your dexterity (-4).
   It renders you almost immune to fire.
   It provides partial protection from all sources of acid and corrosion.
   It causes draining when unequipped.
 s - +6 gold dragon scales (worn)
 t - the +2 hat of the Bear Spirit (worn) {Spirit, +Rage rN+ MR++}
   (You bought it in a shop in the Dungeon)

   It protects you from negative energy.
   It affects your resistance to hostile enchantments.
   It lets you go berserk.
 z - a +1 cloak (worn)
Jewellery
 y - a ring of protection from cold (left claw)
 E - a +4 ring of protection (right claw)
 N - the amulet "Sunluvig" (around neck) {Reflect Str+3 Int+6 SH+5}
   (You found it in the Dungeon)

   [amulet of reflection]

   It shields you and reflects attacks.
   It affects your strength (+3).
   It affects your intelligence (+6).
   It affects your SH (+5).
Wands
 j - a wand of acid (1)
Scrolls
 f - a scroll of magic mapping
 g - 2 scrolls of blinking
 h - 7 scrolls of remove curse
 i - 2 scrolls of amnesia
 p - 5 scrolls of enchant weapon
 r - 3 scrolls of fear
 B - 2 scrolls of fog
 C - 4 scrolls of identify
 I - 4 scrolls of enchant armour
Potions
 a - a potion of mutation
 b - 6 potions of curing
 c - 12 potions of heal wounds
 d - 7 potions of haste
 e - 8 potions of magic
 k - a potion of might
 n - 2 potions of berserk rage
 o - a potion of brilliance
 v - a potion of stabbing
 A - 2 potions of resistance
 J - 3 potions of lignification
 M - a potion of flight {unknown}
Miscellaneous
 l - a phantom mirror
 m - the horn of Geryon
 u - a condenser vane (2/2)


   Skills:
 O Level 27 Fighting
 O Level 27 Throwing
 O Level 27 Armour
 O Level 27 Dodging
 + Level 10.0 Stealth
 O Level 27 Shields
 O Level 27 Unarmed Combat
 - Level 3.8 Spellcasting
 O Level 27 Evocations


You had 28 spell levels left.
You didn't know any spells.
Your spell library contained the following spells:

 Spells                   Type           Power        Failure   Level
 Foxfire                  Conj/Fire      #...         67%         1
 Conjure Flame            Conj/Fire      #.......     96%         3
 Inner Flame              Hex/Fire       #.......     96%         3
 Sticky Flame             Conj/Fire      #.......     100%        4
 Fireball                 Conj/Fire      #.........   100%        5


Dungeon Overview and Level Annotations

Branches:
Dungeon (1/1)

Altars:
Cheibriados
Dithmenos
Elyvilon
Fedhas
Gozag
Hepliaklqana
Kikubaaqudgha
Makhleb
Nemelex Xobeh
Okawaru
Qazlal
Ru
Sif Muna
Trog
Uskayaw
Vehumet
Wu Jian
Xom
Yredelemnul
Zin
The Shining One
Beogh
Jiyva
Lugonu

Shops:
D [*!}[**[=**[!***=!*!*!}

Annotations:
D Lom Lobon


Innate Abilities, Weirdness & Mutations

You are too large for most types of armour.
You have claws for hands.
Your natural rate of healing is unusually fast.
You are covered in fur. (AC +1)
You have extremely tough skin. (AC +3)
You have large cloven feet.
You can translocate small distances at will.
You have an increased reservoir of magic. (+10% MP)


Message History

Lom Lobon is almost dead.
The damnation engulfs you!!!!
* * * LOW HITPOINT WARNING * * *
You feel the staff feeding on your energy!
You are engulfed in freezing vapours.
You resist.
* * * LOW HITPOINT WARNING * * *
The vortex of raging winds lifts you up.
You fly up into the air.
* * * LOW HITPOINT WARNING * * *
Lom Lobon hits you!
* * * LOW HITPOINT WARNING * * *
You feel your power leaking away.
Unknown command.
You feel much better.
You are engulfed in freezing vapours.
You resist.
* * * LOW HITPOINT WARNING * * *
Lom Lobon gestures at you.
Lom Lobon conjures a mighty blast of ice!
The great icy blast engulfs you!!! You partially resist.
You die...
Your body crumbles into a pile of gold.

▓▓▓▓▓▓▓▓▓▓▓▓▓▓▓▓▓▓
...▓...▓...▓...▓φ▓
.▓.▓.▓.▓.▓.▓)▓.▓.▓
.▓.▓'▓.▓.▓.▓∩▓.▓§▓
.▓.▓.▓.▓.▓.▓∩▓.▓φ▓
'▓.▓.▓.▓.▓.▓∩▓.▓§▓
.▓.▓.▓.▓'▓.▓∩▓.▓&▓
)▓.▓.▓.▓.▓.▓'▓.▓@▓
.▓.▓.▓.▓.▓.▓.▓.▓○▓
.▓.▓.▓.▓.▓.▓.▓.▓.▓
)▓.▓.▓.▓.▓.▓.▓.▓.▓
)▓.▓0▓.▓.▓.▓.▓.▓.▓
.▓.▓.▓.▓.▓.▓.▓.▓.▓
.▓.▓.▓.▓.▓.▓.▓.▓.▓
.▓.▓.▓.▓.▓.▓.▓.▓.▓
)▓.▓.▓.▓.▓.▓.▓.▓.▓


You could see Lom Lobon (tornado).

Vanquished Creatures
  Cerebov (D)
  Antaeus (D)
  Asmodeus (D)
  the Royal Jelly (D)
  Gloorx Vloq (D)
  Ereshkigal (D)
  Mnoleg (D)
  Dispater (D)
  6 ancient liches (D)
  Mara (D)
  Mennas (D)
  5 orbs of fire (D)
  6 greater mummies (D)
  Boris (D)
  A Killer Klown (D)
  Frederick (D)
  A curse toe (D)
  Xtahua (D)
  5 golden dragons (D)
  Geryon (D)
  A bone dragon (D)
  A lich (D)
  3 electric golems (D)
  3 tentacled monstrosities (D)
  5 deep elf blademasters (D)
  28 Orb Guardians (D)
  2 quicksilver dragons (D)
  A titan (D)
  3 deep elf master archers (D)
  8 acid blobs (D)
  13 sphinxes (D)
  A tentacled starspawn (D)
  7 shadow dragons (D)
  A draconian monk (D)
  A fire giant (D)
  Ilsuiw (D)
  A tengu reaver (D)
  6 nagarajas (D)
  A deep elf sorcerer (D)
  2 draconian scorchers (D)
  A frost giant (D)
  3 azure jellies (D)
  Aizul (D)
  3 ghost moths (D)
  A draconian knight (D)
  2 vault wardens (D)
  6 emperor scorpions (D)
  3 draconian shifters (D)
  A draconian annihilator (D)
  3 draconian stormcallers (D)
  An ironheart preserver (D)
  5 green draconians (D)
  4 stone giants (D)
  7 vampire knights (D)
  2 very ugly things (D)
  2 black draconians (D)
  Nessos (D)
  4 white draconians (D)
  4 deep elf annihilators (D)
  5 purple draconians (D)
  Azrael (D)
  3 red draconians (D)
  3 merfolk javelineers (D)
  3 yellow draconians (D)
  2 ettins (D)
  2 mummy priests (D)
  9 death oozes (D)
  3 merfolk impalers (D)
  4 fire dragons (D)
  Josephine (D)
  A deep elf high priest (D)
  4 great orbs of eyes (D)
  2 yaktaur captains (D)
  3 ice dragons (D)
  6 hydras (D)
  A rakshasa (D)
  4 naga warriors (D)
  A boulder beetle (D)
  An alligator snapping turtle (D)
  A spriggan air mage (D)
  25 vault guards (D)
  A merfolk avatar (D)
  A shambling mangrove (D)
  A centaur warrior (D)
  An anaconda (D)
  A catoblepas (D)
  2 deep troll shamans (D)
  A two-headed ogre (D)
  5 ogre magi (D)
  6 death yaks (D)
  4 merfolk aquamancers (D)
  A naga sharpshooter (D)
  3 tengu warriors (D)
  3 orc high priests (D)
  2 thrashing horrors (D)
  A deep elf knight (D)
  2 wretched stars (D)
  A skeletal warrior (D)
  A fire crab (shapeshifter) (D)
  5 swamp dragons (D)
  A shadow wraith (D)
  A deep troll (D)
  A deep elf archer (D)
  A glowing orange brain (D)
  4 ironbrand convokers (D)
  An orc sorcerer (D)
  A harpy (D)
  11 orc knights (D)
  A salamander (D)
  A wolf spider (D)
  A mana viper (D)
  8 moths of wrath (D)
  A slime creature (D)
  An elephant (D)
  2 deep elf magi (D)
  3 cyclopes (D)
  4 vault sentinels (D)
  A moth of wrath (shapeshifter) (D)
  A merfolk siren (D)
  A guardian serpent (shapeshifter) (D)
  2 guardian serpents (D)
  5 naga magi (D)
  A black mamba (D)
  A cane toad (shapeshifter) (D)
  A smoke demon (D)
  Psyche (D)
  4 cane toads (D)
  An eye of devastation (D)
  A gargoyle (D)
  2 komodo dragons (D)
  4 yaktaurs (D)
  5 demonic crawlers (D)
  A freezing wraith (D)
  A jumping spider (D)
  A wandering mushroom (D)
  20 guardian mummies (D)
  4 merfolk (D)
  A troll (D)
  2 hornets (D)
  A bog body (D)
  2 snapping turtles (D)
  3 redbacks (D)
  A spriggan (shapeshifter) (D)
  A tarantella (D)
  5 wraiths (D)
  11 spriggans (D)
  A fire elemental (D)
  A shadow (D)
  5 yaks (D)
  Eustachio (D)
  A golden eye (D)
  A basilisk (D)
  A vampire mosquito (D)
  2 insubstantial wisps (D)
  A soldier ant (D)
  An acid dragon (D)
  2 floating eyes (D)
  3 hell hounds (D)
  3 water moccasins (D)
  2 small abominations (D)
  11 orc warriors (D)
  4 swamp drakes (D)
  An ice beast (D)
  An eye of draining (D)
  A boggart (D)
  A wolf (D)
  A big kobold (D)
  6 bullfrogs (D)
  2 wights (D)
  A jelly (D)
  2 hounds (D)
  4 orc priests (D)
  An orc wizard (D)
  An iguana (D)
  A worker ant (D)
  A white imp (D)
  13 orcs (D)
  A goblin (D)
  A hobgoblin (D)
  A kobold (D)
  2 bats (D)
  A bat simulacrum (D)
  2 quokka skeletons (D)
  A starspawn tentacle (D)
522 creatures vanquished.

Vanquished Creatures (others)
  A lurking horror (D)
  A starspawn tentacle (D)
2 creatures vanquished.

Grand Total: 524 creatures vanquished

Notes
Turn   | Place    | Note
-------+----------+-------------------------------------------
     0 | D        | sahdkjhfkaj the Troll Monk began the quest for the Orb.
     0 | D        | Reached XP level 1. HP: 22/22 MP: 0/0
   148 | D        | Noticed a jelly
   148 | D        | Noticed a worker ant
   148 | D        | Noticed an ice beast
   148 | D        | Noticed an iguana
   152 | D        | Killed an iguana
   152 | D        | Reached skill level 5 in Unarmed Combat
   152 | D        | Reached XP level 2. HP: 19/32 MP: 1/1
   152 | D        | Reached XP level 3. HP: 23/39 MP: 2/2
   164 | D        | Killed an ice beast
   164 | D        | Reached skill level 5 in Fighting
   164 | D        | Reached XP level 4. HP: 17/52 MP: 3/3
   165 | D        | Reached XP level 5. HP: 19/59 MP: 4/4
   248 | D        | Found a roughly hewn altar of Beogh.
   248 | D        | Found a snail-covered altar of Cheibriados.
   248 | D        | Found a shadowy altar of Dithmenos.
   248 | D        | Found a white marble altar of Elyvilon.
   248 | D        | Found a blossoming altar of Fedhas.
   248 | D        | Found an opulent altar of Gozag.
   249 | D        | Found a hazy altar of Hepliaklqana.
   250 | D        | Found a viscous altar of Jiyva.
   251 | D        | Found an ancient bone altar of Kikubaaqudgha.
   252 | D        | Found a corrupted altar of Lugonu.
   253 | D        | Found a burning altar of Makhleb.
   254 | D        | Found a sparkling altar of Nemelex Xobeh.
   255 | D        | Found an iron altar of Okawaru.
   256 | D        | Found a stormy altar of Qazlal.
   257 | D        | Found a sacrificial altar of Ru.
   258 | D        | Found a shimmering blue altar of Sif Muna.
   259 | D        | Found a bloodstained altar of Trog.
   260 | D        | Found a hide-covered altar of Uskayaw.
   261 | D        | Found a radiant altar of Vehumet.
   262 | D        | Found an ornate altar of the Wu Jian Council.
   263 | D        | Found a shimmering altar of Xom.
   264 | D        | Found a basalt altar of Yredelemnul.
   265 | D        | Found a glowing silver altar of Zin.
   266 | D        | Found a glowing golden altar of the Shining One.
   310 | D        | Became a worshipper of Gozag Ym Sagoz the Greedy
   352 | D        | Noticed a gargoyle
   360 | D        | Reached skill level 10 in Unarmed Combat
   362 | D        | Reached XP level 6. HP: 72/72 MP: 5/5
   371 | D        | Killed a gargoyle
   371 | D        | Reached XP level 7. HP: 57/83 MP: 6/6
   423 | D        | Noticed a troll
   423 | D        | Noticed a cyclops
   428 | D        | Noticed a meliai
   428 | D        | a troll changed into a meliai
   438 | D        | Reached skill level 10 in Fighting
   443 | D        | Killed a cyclops
   443 | D        | Reached XP level 8. HP: 38/96 MP: 7/7
   446 | D        | Noticed a guardian serpent
   446 | D        | a meliai changed into a guardian serpent
   450 | D        | Killed a guardian serpent
   690 | D        | Noticed a cane toad
   690 | D        | Noticed a cane toad
   693 | D        | Noticed a cane toad
   693 | D        | Killed a cane toad
   696 | D        | Reached skill level 15 in Unarmed Combat
   699 | D        | Reached XP level 9. HP: 99/105 MP: 8/8
   703 | D        | Killed a cane toad
   719 | D        | Killed a cane toad
   750 | D        | Bought the +2 hat of the Bear Spirit {Spirit, +Rage rN+
                  | MR++} for 703 gold pieces
   750 | D        | Found the +2 hat of the Bear Spirit {Spirit, +Rage rN+
                  | MR++}
   767 | D        | Noticed a komodo dragon
   768 | D        | Noticed an elephant
   777 | D        | Noticed a komodo dragon
   786 | D        | Killed a komodo dragon
   791 | D        | Killed an elephant
   791 | D        | Reached XP level 10. HP: 76/119 MP: 5/9
   904 | D        | Noticed a death yak
   904 | D        | Noticed a catoblepas
   904 | D        | Noticed a death yak
   904 | D        | Noticed a death yak
   904 | D        | Noticed a death yak
   904 | D        | Noticed a death yak
   951 | D        | Killed a death yak
   954 | D        | Killed a death yak
   961 | D        | Killed a death yak
   965 | D        | Killed a death yak
  1189 | D        | Killed a catoblepas
  1189 | D        | Reached skill level 15 in Fighting
  1240 | D        | Noticed a death yak
  1245 | D        | Killed a death yak
  1245 | D        | Reached XP level 11. HP: 116/132 MP: 8/10
  1248 | D        | Killed a death yak
  1613 | D        | Bought glowing gold dragon scales for 1494 gold pieces
  1863 | D        | Noticed an orc knight
  1863 | D        | Noticed an orc knight
  1869 | D        | Reached skill level 1 in Armour
  1911 | D        | Killed an orc knight
  1918 | D        | Killed an orc knight
  2070 | D        | Reached skill level 5 in Dodging
  2256 | D        | Noticed an orc knight
  2265 | D        | Killed an orc knight
  2271 | D        | Reached skill level 5 in Armour
  2335 | D        | Found Cigrutosm's Antique Armour Boutique.
  2335 | D        | Noticed an orc high priest
  2335 | D        | Noticed an orc sorcerer
  2335 | D        | Noticed an orc high priest
  2335 | D        | Noticed an orc knight
  2338 | D        | Noticed a sixfirhy
  2339 | D        | Killed an orc knight
  2344 | D        | Found Bourr's Gadget Shop.
  2344 | D        | Noticed an orc knight
  2345 | D        | Noticed an orc high priest
  2349 | D        | Killed an orc high priest
  2354 | D        | Killed an orc sorcerer
  2355 | D        | Noticed an orc knight
  2359 | D        | Killed an orc high priest
  2360 | D        | Found Tizulas's Distillery.
  2364 | D        | Killed an orc knight
  2366 | D        | Found Faluafei's Assorted Antiques.
  2373 | D        | Killed an orc high priest
  2380 | D        | Killed an orc knight
  2509 | D        | Noticed Psyche
  2527 | D        | Killed Psyche
  2554 | D        | Bought a condenser vane (2/2) for 200 gold pieces
  2557 | D        | Bought a runed hat for 126 gold pieces
  2620 | D        | Noticed Josephine
  2623 | D        | Reached XP level 12. HP: 143/143 MP: 11/11
  2632 | D        | Killed Josephine
  2770 | D        | Noticed a two-headed ogre
  2770 | D        | Noticed a boulder beetle
  2770 | D        | Noticed a tengu warrior
  2774 | D        | Killed a tengu warrior
  2782 | D        | Killed a boulder beetle
  2782 | D        | Reached skill level 10 in Dodging
  2821 | D        | Killed a two-headed ogre
  2821 | D        | Reached skill level 10 in Armour
  2915 | D        | Noticed an ogre mage
  2919 | D        | Noticed a great orb of eyes
  2926 | D        | Killed an ogre mage
  2932 | D        | Killed a great orb of eyes
  2963 | D        | Noticed an ogre mage
  2968 | D        | Killed an ogre mage
  2982 | D        | Noticed an ogre mage
  2997 | D        | Killed an ogre mage
  3027 | D        | Noticed Aizul
  3038 | D        | Killed Aizul
  3212 | D        | Noticed a four-headed hydra
  3212 | D        | Noticed a shambling mangrove
  3212 | D        | Noticed an eight-headed hydra
  3218 | D        | Killed an 11-headed hydra
  3224 | D        | Killed a shambling mangrove
  3242 | D        | Killed an 11-headed hydra
  3529 | D        | Reached XP level 13. HP: 146/150 MP: 12/12
  3632 | D        | Noticed a merfolk impaler
  3648 | D        | Killed a merfolk impaler
  3778 | D        | Reached skill level 1 in Evocations
  3903 | D        | Bought a jewelled tower shield for 313 gold pieces
  3908 | D        | Identified the +5 tower shield "Buducaxe" {*Drain rF+++
                  | rCorr Dex-4} (You bought it in a shop in the Dungeon)
  3964 | D        | Noticed Eustachio
  3969 | D        | Killed Eustachio
  4024 | D        | Noticed a cyan very ugly thing
  4024 | D        | Noticed a stone giant
  4024 | D        | Noticed a frost giant
  4030 | D        | Killed a frost giant
  4030 | D        | Reached skill level 5 in Evocations
  4033 | D        | Killed a stone giant
  4034 | D        | Noticed a fire dragon
  4038 | D        | Killed a cyan very ugly thing
  4039 | D        | Noticed a fire giant
  4043 | D        | Noticed a fire dragon
  4047 | D        | Noticed an ettin
  4050 | D        | Killed a fire dragon
  4050 | D        | Reached skill level 5 in Shields
  4055 | D        | Reached skill level 15 in Dodging
  4067 | D        | Killed a fire giant
  4075 | D        | Killed a fire dragon
  4075 | D        | Reached skill level 15 in Armour
  4077 | D        | Killed an ettin
  4077 | D        | Reached XP level 14. HP: 159/159 MP: 13/13
  4077 | D        | Noticed a stone giant
  4103 | D        | Killed a stone giant
  4158 | D        | Noticed an Orb Guardian
  4171 | D        | Killed an Orb Guardian
  4208 | D        | Noticed a vault warden
  4209 | D        | Noticed a stone giant
  4232 | D        | Reached skill level 10 in Shields
  4234 | D        | Noticed a vault warden
  4249 | D        | Killed a vault warden
  4252 | D        | Killed a stone giant
  4256 | D        | Killed a vault warden
  4433 | D        | Noticed Xtahua
  4443 | D        | Paralysed by Xtahua for 4 turns
  4453 | D        | Killed Xtahua
  4640 | D        | Noticed Nessos
  4649 | D        | Killed Nessos
  4653 | D        | Noticed Mara
  4657 | D        | Noticed sahdkjhfkaj's illusion
  4663 | D        | Killed Mara
  4663 | D        | Reached skill level 10 in Evocations
  4743 | D        | Noticed Frederick
  4753 | D        | Killed Frederick
  4753 | D        | Reached XP level 15. HP: 166/170 MP: 14/14
  4888 | D        | Noticed Ilsuiw
  4896 | D        | Reached skill level 15 in Shields
  4910 | D        | Killed Ilsuiw
  4962 | D        | Got a barnacled rune of Zot
  4983 | D        | Noticed a nagaraja
  4983 | D        | Noticed a nagaraja
  4984 | D        | Noticed a nagaraja
  4990 | D        | Killed a nagaraja
  4995 | D        | Killed a nagaraja
  5001 | D        | Killed a nagaraja
  5022 | D        | Noticed a nagaraja
  5028 | D        | Killed a nagaraja
  5031 | D        | Noticed a nagaraja
  5036 | D        | Noticed a nagaraja
  5042 | D        | Killed a nagaraja
  5049 | D        | Killed a nagaraja
  5078 | D        | Got a serpentine rune of Zot
  5154 | D        | Killed a ghost moth
  5172 | D        | Killed a ghost moth
  5223 | D        | Got a gossamer rune of Zot
  5359 | D        | Reached XP level 16. HP: 176/185 MP: 13/15
  5408 | D        | Got a decaying rune of Zot
  5727 | D        | Noticed a shadow dragon
  5727 | D        | Noticed a sphinx
  5732 | D        | Noticed a tengu reaver
  5744 | D        | Killed a sphinx
  5760 | D        | Killed a shadow dragon
  5770 | D        | Killed a tengu reaver
  5771 | D        | Noticed a shadow dragon
  5778 | D        | Noticed a shadow dragon
  5811 | D        | Killed a shadow dragon
  5832 | D        | Killed a shadow dragon
  5888 | D        | Noticed a shadow dragon
  5888 | D        | Noticed a quicksilver dragon
  5888 | D        | Noticed a shadow dragon
  5889 | D        | Noticed a titan
  5897 | D        | Killed a shadow dragon
  5898 | D        | Noticed a tentacled monstrosity
  5901 | D        | Noticed a shadow dragon
  5914 | D        | Killed a shadow dragon
  5922 | D        | Killed a quicksilver dragon
  5930 | D        | Killed a titan
  5936 | D        | Killed a tentacled monstrosity
  5936 | D        | Reached XP level 17. HP: 182/201 MP: 13/16
  5957 | D        | Got a silver rune of Zot
  6008 | D        | Noticed Mennas
  6048 | D        | Killed Mennas
  6192 | D        | Noticed Azrael
  6198 | D        | Killed Azrael
  6257 | D        | Got the amulet "Sunluvig" {Reflect Str+3 Int+6 SH+5}
  6259 | D        | Got the ring "Hopoip" {rPois rC+}
  6261 | D        | Got the ring "Hozarig" {*Slow rPois rC+ MP+9}
  6263 | D        | Got the amulet "Jumeisa" {Spirit MP+9}
  6265 | D        | Found the +8 lance "Wyrmbane" {slay drac, rPois rF+ rC+
                  | AC+3}
  6265 | D        | Got the ring of Bitest {rPois Str+3}
  6400 | D        | Noticed Boris
  6408 | D        | Killed Boris
  6502 | D        | Noticed a bone dragon
  6526 | D        | Killed a bone dragon
  6696 | D        | Noticed a golden dragon
  6719 | D        | Reached skill level 27 in Unarmed Combat
  6744 | D        | Killed a golden dragon
  6811 | D        | Noticed a golden dragon
  6811 | D        | Noticed a golden dragon
  6811 | D        | Noticed a tentacled monstrosity
  6822 | D        | Killed a tentacled monstrosity
  6824 | D        | Noticed a golden dragon
  6836 | D        | Killed a golden dragon
  6836 | D        | Reached XP level 18. HP: 200/219 MP: 15/17
  6847 | D        | Killed a golden dragon
  6874 | D        | Killed a golden dragon
  6950 | D        | Noticed a curse toe
  6957 | D        | Noticed a tentacled monstrosity
  6962 | D        | Killed a curse toe
  6970 | D        | Killed a tentacled monstrosity
  7261 | D        | Noticed an Orb Guardian
  7261 | D        | Noticed an Orb Guardian
  7261 | D        | Noticed an Orb Guardian
  7261 | D        | Noticed an Orb Guardian
  7261 | D        | Noticed an Orb Guardian
  7261 | D        | Noticed an Orb Guardian
  7263 | D        | Killed an Orb Guardian
  7263 | D        | Noticed an Orb Guardian
  7266 | D        | Killed an Orb Guardian
  7267 | D        | Noticed an Orb Guardian
  7269 | D        | Noticed an Orb Guardian
  7272 | D        | Killed an Orb Guardian
  7279 | D        | Killed an Orb Guardian
  7282 | D        | Killed an Orb Guardian
  7282 | D        | Noticed an Orb Guardian
  7285 | D        | Killed an Orb Guardian
  7293 | D        | Killed an Orb Guardian
  7295 | D        | Killed an Orb Guardian
  7303 | D        | Killed an Orb Guardian
  7308 | D        | Killed an Orb Guardian
  7331 | D        | Noticed an Orb Guardian
  7331 | D        | Noticed an Orb Guardian
  7331 | D        | Noticed a Killer Klown
  7334 | D        | Noticed an Orb Guardian
  7338 | D        | Killed a Killer Klown
  7340 | D        | Killed an Orb Guardian
  7345 | D        | Noticed an Orb Guardian
  7351 | D        | Killed an Orb Guardian
  7351 | D        | Reached skill level 15 in Evocations
  7352 | D        | Killed an Orb Guardian
  7355 | D        | Killed an Orb Guardian
  7390 | D        | Noticed an ancient lich
  7394 | D        | Killed an ancient lich
  7406 | D        | Noticed an orb of fire
  7419 | D        | Killed an orb of fire
  7419 | D        | Reached XP level 19. HP: 221/236 MP: 15/18
  7447 | D        | Noticed an electric golem
  7461 | D        | Killed an electric golem
  7469 | D        | Noticed a golden dragon
  7469 | D        | Noticed an electric golem
  7469 | D        | Noticed an orb of fire
  7540 | D        | Noticed an ancient lich
  7547 | D        | Noticed an orb of fire
  7550 | D        | Noticed an ancient lich
  7553 | D        | Killed an orb of fire
  7556 | D        | Killed an electric golem
  7557 | D        | Killed a golden dragon
  7560 | D        | Noticed an orb of fire
  7560 | D        | Killed an ancient lich
  7564 | D        | Killed an orb of fire
  7572 | D        | Noticed an orb of fire
  7572 | D        | Killed an orb of fire
  7573 | D        | Noticed an electric golem
  7574 | D        | Killed an ancient lich
  7577 | D        | Gained mutation: Armour fits poorly on your strangely
                  | shaped body. [an orb of fire]
  7584 | D        | Gained mutation: You are weak. (Str -2) [an orb of fire]
  7587 | D        | Killed an orb of fire
  7612 | D        | Killed an electric golem
  7816 | D        | Reached skill level 27 in Fighting
  7816 | D        | Reached skill level 27 in Armour
  7816 | D        | Reached skill level 27 in Dodging
  7816 | D        | Reached XP level 20. HP: 194/256 MP: 14/19
  7999 | D        | Noticed an ancient lich
  7999 | D        | Noticed an ancient lich
  8012 | D        | Killed an ancient lich
  8027 | D        | Noticed an ancient lich
  8030 | D        | Killed an ancient lich
  8047 | D        | Killed an ancient lich
  8299 | D        | Got an elven rune of Zot
  8328 | D        | Reached skill level 27 in Evocations
  8347 | D        | Reached skill level 10 in Throwing
  8350 | D        | Paralysed by a floating eye for 4 turns
  8386 | D        | Noticed the Royal Jelly
  8395 | D        | Killed the Royal Jelly
  8395 | D        | Reached skill level 15 in Throwing
  8395 | D        | Reached XP level 21. HP: 262/265 MP: 20/20
  8544 | D        | Paralysed by a floating eye for 2 turns
  8548 | D        | Paralysed by a floating eye for 2 turns
  8562 | D        | Got a slimy rune of Zot
  8731 | D        | Bought a phantom mirror for 300 gold pieces
  8983 | D        | Noticed a greater mummy
  8995 | D        | Killed a greater mummy
  9311 | D        | Noticed a greater mummy
  9311 | D        | Noticed a greater mummy
  9311 | D        | Noticed a greater mummy
  9311 | D        | Noticed a greater mummy
  9322 | D        | Killed a greater mummy
  9326 | D        | Noticed a greater mummy
  9332 | D        | Killed a greater mummy
  9339 | D        | Killed a greater mummy
  9359 | D        | Killed a greater mummy
  9359 | D        | Reached skill level 27 in Throwing
  9365 | D        | Killed a greater mummy
  9695 | D        | Got a golden rune of Zot
  9822 | D        | Got an abyssal rune of Zot
  9995 | D        | Noticed Geryon
 10016 | D        | Killed Geryon
 10046 | D        | Noticed Ereshkigal
 10046 | D        | Noticed Mnoleg
 10046 | D        | Noticed Antaeus
 10051 | D        | Identified the +4 staff of Dispater
 10051 | D        | Noticed Dispater
 10058 | D        | Killed Mnoleg
 10075 | D        | Identified the +7 sceptre of Asmodeus
 10075 | D        | Noticed Asmodeus
 10082 | D        | Killed Ereshkigal
 10805 | D        | Bought a potion of haste for 200 gold pieces
 10805 | D        | Bought a potion of haste for 200 gold pieces
 10805 | D        | Bought a potion of might for 80 gold pieces
 10805 | D        | Bought 2 potions of lignification for 120 gold pieces
 10805 | D        | Bought a potion of haste for 200 gold pieces
 10809 | D        | Bought a potion of lignification for 69 gold pieces
 10809 | D        | Bought a potion of haste for 230 gold pieces
 10809 | D        | Bought a potion of stabbing for 92 gold pieces
 10809 | D        | Bought a potion of haste for 230 gold pieces
 10809 | D        | Bought a potion of haste for 230 gold pieces
 10809 | D        | Bought a potion of resistance for 230 gold pieces
 10809 | D        | Lost mutation: Armour fits poorly on your strangely shaped
                  | body. [potion of mutation]
 10809 | D        | Lost mutation: You are weak. (Str -2) [potion of mutation]
 10809 | D        | Gained mutation: You have large cloven feet. [potion of
                  | mutation]
 10809 | D        | Gained mutation: You have an increased reservoir of magic.
                  | (+10% MP) [potion of mutation]
 10809 | D        | Gained mutation: You can translocate small distances at
                  | will. [potion of mutation]
 11223 | D        | Killed Antaeus
 11223 | D        | Reached XP level 22. HP: 139/275 MP: 11/23
 11244 | D        | Killed Asmodeus
 11245 | D        | Noticed Gloorx Vloq
 11261 | D        | Killed Dispater
 11289 | D        | Killed Gloorx Vloq
 11289 | D        | Reached skill level 27 in Shields
 11666 | D        | Identified the +6 sword of Cerebov {flame}
 11666 | D        | Noticed Cerebov
 11729 | D        | Killed Cerebov
 11729 | D        | Reached skill level 10 in Stealth
 12124 | D        | Got a glowing rune of Zot
 12128 | D        | Got a bone rune of Zot
 12132 | D        | Got an icy rune of Zot
 12136 | D        | Got an iron rune of Zot
 12140 | D        | Got an obsidian rune of Zot
 12142 | D        | Noticed Lom Lobon
 12151 | D        | Killed from afar by Lom Lobon

Illustrated notes

Levels and vault maps discovered:
D:        linesprint [early_d, line_temple, items_1, d_10, items_2, lair_1,
          lair_end, items_3, orc_1, orc_end, items_4, d_15, swamp_1, shoals_1,
          snake_1, spider_1, d_20, vaults_1, items_5, swamp_end, shoals_end,
          snake_end, spider_end, vaults_end, d_27, items_6, zot_1, zot_end,
          crypt_end, forest_end, elf_end, slime_end, tomb_end, abyss_end,
          pan_hell_end]

Skill      XL: |  1  2  3  4  5  6  7  8  9 10 11 12 13 14 15 16 17 18 19 20 21 22 |
---------------+-------------------------------------------------------------------+-----
Unarmed Combat | 5 8 10 12 13 15 17 18 19 22 25 27 | 27.0
Fighting       | 4 5 6 8 9 10 11 13 15 16 18 20 22 24 27 | 27.0
Armour         | 8 12 15 16 18 20 22 24 27 | 27.0
Dodging        | 8 13 15 16 18 20 22 24 27 | 27.0
Evocations     | 6 10 11 16 19 27 | 27.0
Shields        | 7 14 15 23 27 | 27.0
Throwing       | 15 27 | 27.0
Spellcasting   | 3 |  3.8
Stealth        | 10 | 10.0

Action                   |  1- 3 |  4- 6 |  7- 9 | 10-12 | 13-15 | 16-18 | 19-21 | 22-24 || total
-------------------------+-------+-------+-------+-------+-------+-------+-------+-------++-------
Melee: Unarmed           |    33 |    21 |    66 |   261 |   459 |   711 |   507 |    86 ||  2144
       Punch             |       |       |     8 |    30 |     9 |       |       |       ||    47
       Kick              |       |       |       |       |       |       |    11 |    21 ||    32
Invok: Call Merchant     |       |       |     1 |       |     7 |       |    11 |       ||    19
       Potion Petition   |       |       |       |       |       |       |       |     1 ||     1
 Abil: Evoke Berserk Rag |       |       |     1 |       |       |     1 |       |       ||     2
Evoke: Wand              |       |       |     1 |     2 |       |     1 |       |     5 ||     9
       Condenser vane    |       |       |       |     2 |    10 |     4 |     7 |     1 ||    24
       Phantom mirror    |       |       |       |       |       |       |     2 |       ||     2
       Staff of Dispater |       |       |       |       |       |       |       |     6 ||     6
  Use: Potion            |     1 |       |       |     3 |       |     1 |    15 |     6 ||    26
       Scroll            |       |       |       |     6 |       |       |     1 |     2 ||     9
 Stab: Distracted        |       |     1 |     2 |     2 |     1 |     3 |     5 |     1 ||    15
       Confused          |       |       |       |     1 |     5 |       |       |       ||     6
Armor: Robe              |     5 |     3 |    17 |     6 |       |       |       |       ||    31
       Gold dragon scale |       |       |       |   146 |   167 |   134 |    84 |    26 ||   557
       Skin              |       |       |       |       |       |       |       |    57 ||    57
Dodge: Dodged            |    10 |     5 |    26 |    55 |    71 |    54 |    49 |     7 ||   277
Block: Tower shield      |       |       |       |       |   284 |   361 |   308 |   143 ||  1096
       Reflection        |       |       |       |       |       |     2 |     6 |     1 ||     9

Table legend: (Time is in decaauts) A = Elapsed time spent in this place. B = Non-inter-level travel time spent in this place. C = Inter-level travel time spent in this place. D = Time resting spent in this place. E = Time spent auto-exploring this place. F = Levels seen in this place. G = Mean time per level. A B C D E F G +--------+--------+--------+--------+--------+-----+--------+ Total | 11260 | 11194 | 66 | 3418 | 4095 | 1 | 11260.0 | Dungeon | 11260 | 11194 | 66 | 3418 | 4095 | 1 | 11260.0 | +--------+--------+--------+--------+--------+-----+--------+

Top non-repeatable levels by time:
       D: 11260 daAuts
